 Seeded DCSS version 0.30-a0-867-g305f33218d (webtiles) character file.

Game seed: 6447096713874630857 (custom seed)

12857 tkbsonic5 the Fighter (level 12, -5/88 HPs)
             Began as a Djinni Artificer on Mar 8, 2023.
             Was an Elder of Okawaru.
             Slain by a two-headed ogre
             ... wielding a +0 giant spiked club
              (9 damage)
             ... on level 11 of the Dungeon on Mar 11, 2023.
             The game lasted 00:54:58 (10716 turns).

tkbsonic5 the Fighter (Djinni Artificer)           Turns: 10716, Time: 00:54:58

Health: -5/88      AC: 16    Str: 13    XL:     12   Next: 25%
Gold:   166        EV:  9    Int: 20    God:    Okawaru [****..] SH:  0 Dex: 16

rFire   + + .      SeeInvis .    w - +9 club (heavy) {Batter 2}
rCold   x . .      Faith    .    (no shield)
rNeg    . . .      Spirit   .    H - +2 chain mail {rPois}
rPois   ∞          Reflect  .    j - +1 helmet
rElec   .          Rampage  .    z - +0 cloak
rCorr   .                        (no gloves)
Will    +....                    (boots unavailable) Stlth
                                 e - amulet of regeneration
HPRegen 1.14/turn                a - +6 ring of intelligence
MPRegen 0.00/turn                i - +4 ring of slaying

@: flying
A: sickness immunity, fire resistance 2, cold vulnerability 1, float, innate
caster, HP casting, extra vitality 1, fangs 1
a: Renounce Religion, Heroism, Finesse


You were on level 11 of the Dungeon.
You worshipped Okawaru.
Okawaru was greatly pleased with you.
You visited 2 branches of the dungeon, and saw 12 of its levels.

You collected 595 gold pieces.
You spent 429 gold pieces at shops.

Inventory:

Hand Weapons
 b - a +6 eveningstar of draining
 c - a +3 mace
 d - a +3 long sword of draining
 g - a +1 whip of electrocution
 k - a +4 spear
 n - a +5 long sword of freezing
 w - a +9 heavy club (weapon) {Batter 2}
 x - a +4 quarterstaff of chaos
 B - a +0 demon blade
 C - a -3 quick blade
 J - a +4 dire flail
Missiles
 p - 36 poisoned darts (quivered)
Armour
 j - a +1 helmet (worn)
 z - a +0 cloak (worn)
 F - a +2 ring mail of fire resistance
 H - a +2 chain mail of poison resistance (worn)
Magical Staves
 y - a staff of cold
Jewellery
 a - a +6 ring of intelligence (left hand)
 e - an amulet of regeneration (around neck)
 f - a ring of positive energy
 i - a +4 ring of slaying (right hand)
 t - a ring of ice
Wands
 v - a wand of digging (5)
Scrolls
 A - 2 scrolls of identify
Potions
 m - a potion of resistance
 E - 3 potions of brilliance


   Skills:
 * Level 8.4 Fighting
 - Level 0.5 Short Blades
 * Level 6.0 Maces & Flails
 - Level 3.0 Throwing
 * Level 6.9 Armour
 * Level 8.1 Dodging
 - Level 0.7 Stealth
 + Level 5.6 Spellcasting
 * Level 5.1 Invocations
 - Level 6.7 Evocations


You knew the following spells:

 Your Spells              Type           Power      Damage    Failure   Level
a - Sting                 Tmut/Pois      100%       1d8       22%         1
b - Scorch                Fire           56%        2d8       34%         2
c - Gell's Gravitas       Tloc           28%        N/A       56%         3
d - Ice Form              Ice/Tmut       28%        N/A       92%         4
e - Metabolic Englaciati  Hex/Ice        14%        N/A       99%         5
Your spell library was empty.

Dungeon Overview and Level Annotations

Branches:
Dungeon (11/15)            Temple (1/1) D:7            Lair (0/5) D:8
    Orc (0/2) D:11

Altars:
Ashenzari
Cheibriados
Dithmenos
Elyvilon
Fedhas
Gozag
Hepliaklqana
Makhleb
Nemelex Xobeh
Okawaru
Qazlal
Ru
Trog
Uskayaw
Wu Jian
Xom
Yredelemnul
Zin
The Shining One

Shops:
D:3 [   D:8 (*   D:9 [

Annotations:
D:9 exclusion: ice statue
D:11 Fannar


Innate Abilities, Weirdness & Mutations

You are immune to sickness and miasma.
You are immune to poison.
Your flesh is very heat resistant. (rF++)
You are vulnerable to cold. (rC-)
You float through the air rather than walking.
You learn spells naturally, not from books.
Your magical power is your life essence.
You have superior vitality. (+4 MHP)
You have very sharp teeth.


Message History

You throw a poisoned dart.
The poisoned dart hits the boulder beetle.
The boulder beetle looks even sicker.
The boulder beetle is moderately wounded.
The boulder beetle bites you!
You sock the boulder beetle!
The boulder beetle is heavily wounded.
The boulder beetle bites you!
The boulder beetle bites you but does no damage.
You sock the boulder beetle!
The boulder beetle is severely wounded.
The boulder beetle bites you. The boulder beetle bites you!
You thump the boulder beetle!
The boulder beetle is almost dead.
You kill the boulder beetle!
Okawaru is honoured by your kill.
The two-headed ogre hits you with a +0 giant spiked club!
The two-headed ogre misses you.
Your Dodging skill increases to level 8!
You are too injured to fight recklessly!
You are too injured to fight recklessly!
Okay, then.
Something appears before you!
The two-headed ogre hits you with a +0 giant spiked club!
The two-headed ogre hits you with a +0 giant club!
* * * LOW HITPOINT WARNING * * *
b - a +6 eveningstar of draining You feel yourself speed up.
The two-headed ogre hits you with a +0 giant spiked club!
* * * LOW HITPOINT WARNING * * *
The two-headed ogre hits you with a +0 giant club!
* * * LOW HITPOINT WARNING * * *
Okay, then.
Okay, then.
Okay, then.
Okay, then.
The two-headed ogre attacks as you move away!
The two-headed ogre completely misses you.
The two-headed ogre hits you with a +0 giant club!
You die...

#......##.# ##.## #.# #.#
#......##.## #.# ##.# #####.#
#......##..## +#.#+ ##..# #......
#...........###...###...###....##
#......#........8.........#....##
#......##...###.(.###...#......#.
#......##..## +#W#'.##..###....#.
#......##.## #O#O..##.# #......
.......##.# ##@##...#.# #......
##..#'###.# ##...##.$#.##.....##
..#.#.###.####.....####.#..######
#.......................#.# #
###...##..................#######
###.#....##............##.......'
)).......##..........#.##.#######
#)........#..........#..#.#.....#
#.........#..........#....#.##.##


You could see a two-headed ogre and a wraith.

Vanquished Creatures
  Erolcha (D:9)
  A boulder beetle (D:11)
  3 two-headed ogres
  A gargoyle (D:11)
  Maggie (D:9)
  A komodo dragon (D:11)
  A hornet (D:9)
  2 trolls
  Sigmund (D:6)
  A shadow (D:11)
  2 wyverns
  2 wraiths (D:11)
  A vampire (D:11)
  15 yaks (D:10)
  Grum (D:9)
  2 vampire mosquitoes (D:11)
  3 steam dragons (D:8)
  An acid dragon (D:11)
  2 water moccasins
  2 black bears
  3 ice beasts
  3 orc warriors
  A sky beast (D:7)
  4 ogres
  2 centaurs
  3 wolves (D:9)
  A phantom (D:6)
  Blork the orc (D:4)
  3 kobold brigands
  A gnoll sergeant (D:11)
  2 bullfrogs
  A necrophage (D:8)
  13 wights
  5 killer bees
  2 howler monkeys
  2 jellies
  3 orc priests
  2 hounds
  2 sleepcaps
  Crazy Yiuf (D:7)
  Ijyb (D:3)
  10 orc wizards
  A hound skeleton (D:8)
  5 adders
  12 gnolls
  A shadow imp (D:6)
  3 white imps
  An ufetubus (D:5)
  A dart slug (D:3)
  37 orcs
  12 endoplasms
  A giant cockroach (D:1)
  11 goblins
  6 hobgoblins
  3 jackals (D:2)
  9 quokkas
  3 ball pythons
  11 bats
  A frilled lizard (D:3)
  24 kobolds
  6 rats
258 creatures vanquished.

Vanquished Creatures (collateral kills)
  An orc warrior (D:6)
  An orc priest (D:6)
  A sleepcap (D:5)
  A gnoll (D:3)
  2 orcs
  4 goblins (D:3)
  A quokka (D:5)
11 creatures vanquished.

Vanquished Creatures (others)
  A bullfrog (D:8)
  An orc wizard (D:7)
  6 orcs
  A goblin (D:3)
  A kobold (D:4)
  A fungus (D:7)
11 creatures vanquished.

Grand Total: 280 creatures vanquished

Notes
Turn   | Place    | Note
-------+----------+-------------------------------------------
     0 | D:1      | tkbsonic5 the Djinni Artificer began the quest for the Orb.
     0 | D:1      | Reached XP level 1. HP: 17/17 MP: 0/0
   164 | D:1      | Reached XP level 2. HP: 6/22 MP: 0/0
   474 | D:1      | Reached XP level 3. HP: 28/28 MP: 0/0
   474 | D:1      | Learned a level 1 spell: Sting
   602 | D:1      | Reached skill level 1 in Spellcasting
   665 | D:1      | Found a faded altar of an unknown god.
   937 | D:2      | Found an ornate altar of the Wu Jian Council.
  1374 | D:2      | Reached XP level 4. HP: 28/33 MP: 0/0
  1698 | D:3      | Found Buhel's Armour Boutique.
  1854 | D:3      | Bought a +0 helmet for 63 gold pieces
  1900 | D:3      | Noticed Ijyb
  1950 | D:3      | Killed Ijyb
  1951 | D:3      | Reached skill level 1 in Maces & Flails
  2018 | D:3      | Reached XP level 5. HP: 39/39 MP: 0/0
  2018 | D:3      | Learned a level 2 spell: Scorch
  2959 | D:4      | Reached XP level 6. HP: 46/46 MP: 0/0
  3155 | D:4      | Noticed an ogre
  3174 | D:4      | Upgraded the game from 0.30-a0-862-g1aabd4f9c5 to
                  | 0.30-a0-867-g305f33218d
  3254 | D:4      | Killed an ogre
  3420 | D:5      | Entered Level 5 of the Dungeon
  3440 | D:5      | Noticed an ice beast
  3447 | D:5      | Killed an ice beast
  3448 | D:5      | Reached XP level 7. HP: 50/51 MP: 0/0
  3448 | D:5      | Learned a level 3 spell: Gell's Gravitas
  3475 | D:5      | Noticed Blork the orc
  3522 | D:4      | Killed Blork the orc
  3775 | D:5      | Found a bloodstained altar of Trog.
  3849 | D:5      | Found a sacrificial altar of Ru.
  3942 | D:5      | Reached XP level 8. HP: 58/58 MP: 0/0
  4034 | D:5      | Found a snail-covered altar of Cheibriados.
  4273 | D:6      | Reached skill level 5 in Fighting
  4290 | D:6      | Reached skill level 5 in Evocations
  4290 | D:6      | Reached XP level 9. HP: 36/65 MP: 0/0
  4290 | D:6      | Learned a level 4 spell: Ice Form
  4410 | D:6      | Noticed Sigmund
  4420 | D:6      | Killed Sigmund
  4863 | D:7      | Found a staircase to the Ecumenical Temple.
  4870 | Temple   | Entered the Ecumenical Temple
  5022 | Temple   | Became a worshipper of Warmaster Okawaru
  5690 | D:7      | Reached * piety under Okawaru
  5691 | D:7      | Reached skill level 5 in Dodging
  5691 | D:7      | Reached skill level 1 in Invocations
  5743 | D:7      | Found a runed translucent door.
  5744 | D:7      | Noticed Crazy Yiuf
  5822 | D:7      | Reached XP level 10. HP: 29/72 MP: 0/0
  5931 | D:7      | Killed Crazy Yiuf
  5995 | D:8      | Found a staircase to the Lair.
  6026 | D:7      | Reached skill level 1 in Throwing
  6297 | D:8      | Found Lunigal's Lightly-Used Armoury.
  6305 | D:8      | Bought a -1 demon blade for 140 gold pieces
  6305 | D:8      | Bought a -3 quick blade for 1 gold piece
  6901 | D:8      | Found a burning altar of Makhleb.
  7031 | D:8      | Found Zuim's Antique Weapon Shop.
  7059 | D:8      | Reached ** piety under Okawaru
  7162 | D:8      | Found an opulent altar of Gozag.
  7787 | D:9      | Found a basalt altar of Yredelemnul.
  7853 | D:9      | Noticed Erolcha
  7854 | D:9      | Reached skill level 5 in Armour
  7861 | D:9      | Noticed Maggie
  7862 | D:9      | Noticed a two-headed ogre
  7874 | D:9      | Noticed Grum
  7901 | D:9      | Killed Grum
  7931 | D:9      | Gained mutation: You occasionally lose the ability to read
                  | scrolls when taking damage. [potion of mutation]
  7931 | D:9      | Gained mutation: Armour fits poorly on your strangely
                  | shaped body. [potion of mutation]
  7971 | D:8      | Reached skill level 5 in Spellcasting
  8029 | D:8      | Killed a two-headed ogre
  8029 | D:8      | Reached *** piety under Okawaru
  8030 | D:8      | Reached XP level 11. HP: 54/79 MP: 0/0
  8030 | D:8      | Learned a level 5 spell: Metabolic Englaciation
  8083 | D:9      | Killed Erolcha
  8084 | D:9      | Reached skill level 5 in Maces & Flails
  8099 | D:9      | Killed Maggie
  8099 | D:9      | Reached **** piety under Okawaru
  8149 | D:9      | Found Obieb Ympax's Antique Armour Shop.
  8154 | D:9      | Bought a runed chain mail for 225 gold pieces
  8197 | D:9      | Lost mutation: You occasionally lose the ability to read
                  | scrolls when taking damage. [potion of mutation]
  8197 | D:9      | Lost mutation: Armour fits poorly on your strangely shaped
                  | body. [potion of mutation]
  8197 | D:9      | Gained mutation: You have very sharp teeth. [potion of
                  | mutation]
  8391 | D:9      | Noticed a two-headed ogre
  8399 | D:9      | Killed a two-headed ogre
  8693 | D:10     | Entered Level 10 of the Dungeon
  9284 | D:10     | Found a hazy altar of Hepliaklqana.
  9645 | D:10     | Found a sparkling altar of Nemelex Xobeh.
 10015 | D:11     | Noticed Fannar
 10026 | D:11     | Noticed a cyan ugly thing
 10380 | D:11     | Noticed a two-headed ogre
 10391 | D:11     | Killed a two-headed ogre
 10391 | D:11     | Received a gift from Okawaru
 10392 | D:11     | Reached XP level 12. HP: 15/86 MP: 0/0
 10536 | D:11     | Identified a scroll of acquirement
 10577 | D:11     | Found a staircase to the Orcish Mines.
 10588 | D:11     | Reached skill level 5 in Invocations
 10696 | D:11     | Noticed a boulder beetle
 10696 | D:11     | Noticed a two-headed ogre
 10712 | D:11     | Killed a boulder beetle
 10713 | D:11     | Acquired a +6 eveningstar of draining
 10714 | D:11     | HP: 3/88 [two-headed ogre/+0 giant spiked club (8)]
 10716 | D:11     | Slain by a two-headed ogre

Illustrated notes

Levels and vault maps discovered:
D:1:      eino_arrival_cavern_a, layout_rooms, shapermc_ecumenical_altar_venn
D:2:      layout_basic, basic_altar
D:3:      kennysheep_the_goblin_king, layout_basic, serial_shops, shop,
          minmay_misc_feat_pillars
D:4:      layout_cave_pools, corner_web_ring
D:5:      layout_rooms, mainiacjoe_overflow_concentric_impassable,
          trog_butcher_becter, mainiacjoe_overflow_brackets, uniq_blork_the_orc
D:6:      layout_gridville, kennysheep_generic_room_11, uniq_sigmund
D:7:      layout_rooms, minmay_temple_entry_statues, uniq_crazy_yiuf_cottage
D:8:      layout_layer_cave, makhleb_blood_cavern_becter, grunt_gozag_statues,
          lair_entry_dummy, serial_shops, nicolae_shop_statue_plus,
          enter_bailey_5, minmay_shop_damaged
D:9:      lemuel_ice_statue, layout_basic, amcnicky_altar_gilded,
          kennysheep_little_box, kennysheep_mini, serial_shops,
          nicolae_square_shop, uniq_erolcha, uniq_grum, uniq_maggie
D:10:     layout_loops_corners, nicolae_overflow_crystal_walls,
          nicolae_overflow_hidden_temple, nicolae_concentric_dashed_squares_wild
D:11:     cheibrodos_barr_body, layout_basic, david_orc_2, uniq_fannar,
          uniq_sonja
Temple:   hc_temple_tempest_star

Skill      XL: |  1  2  3  4  5  6  7  8  9 10 11 12 |
---------------+-------------------------------------+-----
Spellcasting   | 1 2 3 4 5 |  5.6
Fighting       | 2 3 4 5 6 7 8 |  8.4
Maces & Flails | 1 2 3 4 5 6 |  6.0
Evocations     | 4 5 6 |  6.7
Armour         | 2 4 5 6 |  6.9
Dodging        | 3 5 6 7 8 |  8.1
Invocations    | 1 3 4 5 |  5.1
Throwing       | 2 3 |  3.0
Short Blades   | |  0.5
Stealth        | |  0.7

Action                     |  1- 3 |  4- 6 |  7- 9 | 10-12 || total
---------------------------+-------+-------+-------+-------++-------
  Melee: Club              |    64 |    63 |   138 |   393 ||   658
         Punch             |     2 |       |       |     8 ||    10
         Dagger            |    56 |       |       |       ||    56
         Whip              |    38 |     9 |       |       ||    47
         Bite              |       |       |       |    24 ||    24
  Throw: Dart              |       |    18 |       |     2 ||    20
         Throwing net      |       |       |       |     4 ||     4
   Cast: Sting             |    17 |    10 |       |       ||    27
         Scorch            |       |     4 |    56 |    14 ||    74
         Gell's Gravitas   |       |       |     9 |       ||     9
 Invoke: Heroism           |       |       |     1 |     8 ||     9
         Finesse           |       |       |       |     2 ||     2
  Evoke: Wand              |     8 |    26 |     9 |    45 ||    88
    Use: Scroll            |     6 |     7 |    11 |    15 ||    39
         Potion            |     1 |     5 |     6 |     3 ||    15
   Stab: Sleeping          |     1 |       |     2 |       ||     3
         Paralysed         |       |       |     6 |    27 ||    33
 Armour: Leather armour    |    81 |     5 |    34 |       ||   120
         Scale mail        |       |    40 |       |    16 ||    56
         Ring mail         |       |       |       |    89 ||    89
         Chain mail        |       |       |       |   132 ||   132
  Dodge: Dodged            |   119 |    39 |   117 |   313 ||   588

Table legend: (Time is in decaauts)
 A = Elapsed time spent in this place.
 B = Non-inter-level travel time spent in this place.
 C = Inter-level travel time spent in this place.
 D = Time resting spent in this place.
 E = Time spent auto-exploring this place.
 F = Levels seen in this place.
 G = Mean time per level.
                   A        B        C        D        E       F      G
               +--------+--------+--------+--------+--------+-----+--------+
         Total |  10890 |  10487 |    403 |   1416 |   6354 |  12 |  907.5 |
       Dungeon |  10714 |  10319 |    395 |   1416 |   6271 |  11 |  974.0 |
        Temple |    176 |    168 |      8 |      0 |     83 |   1 |  176.0 |
               +--------+--------+--------+--------+--------+-----+--------+

Top non-repeatable levels by time:
     D:8: 1572 daAuts
    D:10: 1220 daAuts
     D:9: 1120 daAuts
     D:3: 1107 daAuts
     D:7: 1018 daAuts
     D:1: 933 daAuts
     D:6: 895 daAuts
     D:2: 880 daAuts
    D:11: 752 daAuts
     D:4: 678 daAuts
     D:5: 533 daAuts
  Temple: 176 daAuts
